[Event "CCT Chessable Masters Playoffs 2025"]
[Site "Online"]
[Date "2025.02.21"]
[Round "5"]
[White "Carlsen, Magnus"]
[Black "Nakamura, Hikaru"]
[Result "1-0"]
[Annotator "TA"]
[ECO "C54"]
[WhiteElo "2833"]
[BlackElo "2802"]
[PlyCount "81"]
[EventDate "2025.02.13"]
[EventType "k.o."]
[EventCountry "NET"]
[SourceTitle "playchess.com"]
[Source "ChessBase"]
[SourceQuality "1"]
[TimeControl "600"]

1. e4 e5 2. Nf3 Nc6 3. Bc4 Nf6 4. d3 h6 5. O-O Bc5 6. c3 d6 7. Nbd2 O-O 8. h3 Bb6 {[%emt 0:00:02] C54: Giuoco Piano: 4 c3 Nf6, main lines with 5 d4 and 5 d3.} 9. Re1 a5 10. a4 Be6 {[%emt 0:00:18] White has an edge.} 11. b3 Re8 12. Bb5 $146 ({Predecessor:} 12. Bb2 Ne7 13. Bxe6 fxe6 14. Nc4 Ng6 15. Nxb6 cxb6 16. d4 Qc7 17. c4 Rad8 18. Qd2 {0-1 Niemann,H (2733)-Nakamura,H (2802) Chess.com SpeedChess Final blitz 2024 (2.16)}) 12... Bd7 13. Nc4 {[%emt 0:00:04] The position is symmetric and equal} Bc5 14. Bd2 Ba7 15. Bxc6 Bxc6 16. Nxa5 Bxf2+ $1 17. Kxf2 {[%emt 0:00:00] [#] And now Nxc6 would win.} Rxa5 18. b4 Ra8 19. b5 Bd7 20. c4 c6 21. Kg1 Be6 22. a5 Nd7 23. Kh1 cxb5 24. cxb5 Nc5 25. Ra3 Bd7 26. Qb1 Ne6 27. a6 bxa6 28. bxa6 Nc5 29. a7 Qc7 30. Qa1 Bb5 (30... Ba4 $14) 31. Be3 Nxd3 32. Rb1 Bc4 {[%emt 0:00:00][%mdl 8192] [#] Loses the game.} (32... Qd7 $16) 33. Nd2 $18 d5 34. exd5 f5 (34... Nf2+ $142 35. Bxf2 Bxd5) 35. Qc3 {[%emt 0:00:12] White is clearly winning.} e4 36. Qxc4 Qg3 37. Nf1 Nf2+ 38. Bxf2 Qxa3 39. d6+ Kh7 40. Qd5 f4 41. Qf5+ {[%emt 0:00:01] Weighted Error Value: White=0.10 (very precise) /Black=0.81  Loses game:     	---       	Black=1      Mistake:       	---       	Black=2      Inaccurate:     	White=1     	Black=2      OK:         	White=13    	Black=9      Best:        	White=2     	---        Strong:       	---       	Black=1} (41. d7 $142 Qf8 42. Bc5 (42. dxe8=B Qxe8 43. Bd4 f3 $18)) 1-0

[Event "CCT Chessable Masters Playoffs 2025"]
[Site "Online"]
[Date "2025.02.21"]
[Round "5"]
[White "Nakamura, Hikaru"]
[Black "Carlsen, Magnus"]
[Result "1/2-1/2"]
[Annotator "TA"]
[ECO "A05"]
[WhiteElo "2802"]
[BlackElo "2833"]
[PlyCount "93"]
[EventDate "2025.02.13"]
[EventType "k.o."]
[EventCountry "NET"]
[SourceTitle "playchess.com"]
[Source "ChessBase"]
[SourceQuality "1"]
[TimeControl "600"]

1. b3 c5 2. Bb2 Nc6 3. Nf3 Nf6 4. e3 g6 5. Bxf6 exf6 6. c4 {[%emt 0:00:00] A05: Réti Opening: 1 Nf3 Nf6.} d5 7. cxd5 Qxd5 8. Nc3 Qd8 9. Rc1 Bd7 10. Bb5 $146 (10. Bc4 Be7 11. O-O O-O 12. d4 cxd4 13. Nxd4 Ba3 14. Nxc6 Bxc6 15. Rc2 Qxd1 16. Rxd1 {½-½ Moskalenko,A (2522)-Kryakvin,D (2580) Dvorkovich Memorial op 2018 (4)}) 10... Rc8 11. O-O a6 12. Be2 Be7 13. Ne4 Qb6 14. Qc2 Bf5 15. d3 O-O 16. Qb2 Nb4 17. a3 Nd5 18. Nfd2 Rfd8 19. Bf3 Be6 20. Nc4 Qc7 (20... Qa7 $1 $15 21. Ng3 b5) 21. d4 $1 $11 cxd4 {[%emt 0:00:03] [#]} (21... b6 $11) 22. Ncd6 $1 $36 {[%emt 0:00:02][%mdl 2048] White attacks White is on the roll.} Bxd6 (22... Nc3 $2 23. Nxc8 Bxc8 24. exd4 $18) 23. Rxc7 (23. Qxd4 $2 Qxc1 (23... Bxh2+ $2 24. Kh1 $19) 24. Nxd6 Rxd6 $19 (24... Qxa3 $2 25. Nxc8 Rd7 26. e4 $19)) 23... Bxc7 {[%emt 0:00:00] A strong pair of Bishops.} 24. Qxd4 (24. exd4 $16 {Black must now prevent Nc5.} b6 25. g3) 24... Be5 $11 25. Qa7 b6 26. Qxa6 Ra8 27. Qb5 {[%emt 0:00:09] next a4 is good for White.} Rxa3 28. Rd1 Rc8 {[%emt 0:00:43] Dodges Nc3} (28... Kg7 $11 {keeps the balance.}) 29. g3 (29. Rxd5 $2 Bxd5 (29... Ra5 30. Qxb6 Rxd5 31. g4 $11) 30. g4 (30. Qxd5 $2 Rc1+ 31. Bd1 Raa1 $19) 30... Be6 $19 (30... Rxb3 $2 31. Qxd5 Rb4 32. g5 $18) (30... Bxb3 31. Kg2 $17)) (29. b4 $1 $16) 29... Ra5 $14 30. Qf1 Kg7 31. Nd2 (31. h3 $11) 31... Nc3 $15 {[%emt 0:00:03] Strong Square Black (c3)} 32. Re1 b5 $1 {[%emt 0:00:06] Repels Nc4} 33. Bg2 (33. Bb7 $15 Rd8 34. Nf3) 33... Rd8 $17 34. Nf3 ({White should try} 34. Ne4 $1 $15 b4 (34... Bxb3 35. f4 $18) 35. Nxc3 bxc3 36. f4) 34... Bxb3 $19 35. Nxe5 fxe5 36. f4 (36. Bb7) 36... Bc4 $1 37. Qf3 e4 38. Qg4 Ra2 (38... b4 $19 {...b3 is the strong threat.} 39. f5 Rxf5 40. Bxe4 h5) 39. f5 (39. Qg5 $17 {was worth a try.} Rd5 40. Qe7) 39... Rdd2 40. f6+ Kxf6 {[%emt 0:00:05] Black has a king side majority} 41. Qf4+ {[%emt 0:00:01] [#]} Kg7 $1 42. Qe5+ {[%emt 0:00:05] [#]} f6 $1 43. Qc7+ (43. Qe7+ $142 Bf7 44. Bh1) 43... Kh6 44. Qf4+ $1 Kg7 45. Qc7+ $1 Kh6 $2 ({Black should try} 45... Bf7 $19 46. Bh3 Rac2 (46... Rxh2 47. Be6 $11)) 46. Qf4+ $1 $11 Kg7 $2 (46... g5 $11 47. Qxf6+ Kh5) 47. Qc7+ $1 {[%emt 0:00:43] Weighted Error Value: White=0.21 (precise) /Black=0.27 (precise)   Missed win:     	---       	Black=1      Mistake:       	White=8     	Black=5      Inaccurate:     	White=2     	Black=2      OK:         	White=12    	Black=15     Best:        	White=5     	Black=5      Strong:       	White=5     	Black=4      Brilliant:      	White=1     	---} 1/2-1/2

[Event "CCT Chessable Masters Playoffs 2025"]
[Site "Online"]
[Date "2025.02.18"]
[Round "51"]
[White "So, Wesley"]
[Black "Esipenko, Andrey"]
[Result "1/2-1/2"]
[Annotator "TA"]
[ECO "E51"]
[WhiteElo "2747"]
[BlackElo "2695"]
[PlyCount "123"]
[EventDate "2025.02.13"]
[EventType "k.o."]
[EventCountry "NET"]
[SourceTitle "playchess.com"]
[Source "ChessBase"]
[SourceQuality "1"]
[TimeControl "600"]

1. d4 Nf6 2. c4 e6 3. Nc3 Bb4 4. e3 O-O 5. Bd2 d5 6. Nf3 $1 Re8 {[%emt 0:00:03] E51: Nimzo-Indian: Rubinstein: 4...0-0 5 Nf3 d5.} 7. Qc2 c5 8. a3 Bxc3 9. Bxc3 cxd4 10. Bxd4 Nc6 11. Bc3 Ne4 12. Rd1 Nxc3 13. Qxc3 Qd6 $146 (13... Ne7 14. Bd3 Bd7 15. O-O Qc7 16. Ne5 Red8 17. Nxd7 Rxd7 18. Qc2 g6 19. cxd5 Qxc2 20. Bxc2 Nxd5 {½-½ Zakhartsov,V (2506)-Paravyan,D (2629) RUS-ch Higher League 74th 2021 (2)}) 14. Be2 Bd7 15. cxd5 exd5 16. O-O Rad8 17. Nd4 Ne5 18. Rd2 Qg6 19. Qc2 Qb6 20. Nf3 Bg4 21. Nxe5 Bxe2 22. Rxe2 ({Not} 22. Nxf7 $2 Bxf1 (22... Rc8 23. Qf5 $17) 23. Nxd8 Bc4 $19 (23... Ba6 24. Rxd5 Rxd8 25. Rxd8+ Qxd8 26. Qb3+ Kh8 27. h3 $19)) 22... Rxe5 23. Rd2 h5 24. Rd4 Qc6 25. Rc1 Rc8 26. Qxc6 Rxc6 27. Rxc6 bxc6 $14 {[%emt 0:00:00][%mdl 4096] Endgame KR-KR} 28. Kf1 Re7 29. Ra4 Kf8 30. b4 Ke8 31. Ra6 Rc7 32. Ke2 Kd7 33. Kd3 Kc8 34. Ra5 Kb7 35. Kd4 Re7 36. f3 Kb6 37. Rc5 Re6 38. a4 $1 a6 39. Rc2 ({White should try} 39. e4 $14) 39... a5 $11 40. Rb2 axb4 41. Rxb4+ Ka5 42. Rb7 Rg6 43. g3 Rf6 44. f4 Kxa4 45. Kc5 g6 46. Rb4+ Ka3 47. Rb7 Ka4 48. Rb6 Re6 49. Rxc6 Rxe3 50. Kxd5 {[%emt 0:00:00] [#]} Re2 $1 {[%emt 0:00:01] The position is equal.} 51. h4 Re3 52. Rf6 Rxg3 53. Rxf7 {[%emt 0:00:01] Strongly threatening f5.} Rg4 54. f5 gxf5 55. Rxf5 Rxh4 56. Ke5 Kb3 57. Kf6 Rh1 58. Kg5 h4 59. Kg4 h3 60. Rf3+ Kc4 61. Rxh3 Rxh3 62. Kxh3 {[%emt 0:00:00] Weighted Error Value: White=0.07 (flawless) /Black=0.06 (flawless)   Mistake:       	White=1     	---        Inaccurate:     	White=3     	Black=3      OK:         	White=21    	Black=26     Best:        	---       	Black=5      Strong:       	White=1     	Black=1} 1/2-1/2

[Event "CCT Chessable Masters Playoffs 2025"]
[Site "Online"]
[Date "2025.02.18"]
[Round "51"]
[White "Praggnanandhaa R"]
[Black "Artemiev, Vladislav"]
[Result "1/2-1/2"]
[Annotator "TA"]
[ECO "A45"]
[WhiteElo "2741"]
[BlackElo "2691"]
[PlyCount "140"]
[EventDate "2025.02.13"]
[EventType "k.o."]
[EventCountry "NET"]
[SourceTitle "playchess.com"]
[Source "ChessBase"]
[SourceQuality "1"]
[TimeControl "600"]

1. d4 Nf6 2. Bf4 b6 3. e3 Bb7 4. c4 e6 5. Nc3 Bb4 6. Nge2 {[%emt 0:00:18] A45: Trompowsky Attack.} Nh5 7. Bg3 g6 $146 ({Predecessor:} 7... Nc6 8. a3 Nxg3 9. hxg3 Bxc3+ 10. Nxc3 Ne7 11. d5 h6 12. Qg4 Kf8 13. O-O-O Qc8 {1-0 Keymer,V (2717)-Erigaisi,A (2712) Tata Steel India blitz 2023 (10)}) 8. a3 {[%emt 0:00:04] White is slightly better.} Be7 9. d5 Bf6 10. Qc2 d6 11. Nf4 Nxf4 12. Bxf4 Nd7 13. Be2 Qe7 14. e4 O-O 15. Be3 (15. Bh6 $14) 15... exd5 16. exd5 Nc5 17. O-O Bc8 18. g4 {[%emt 0:01:01] Dodges Bf5} (18. Rae1 $11) 18... Be5 $17 19. b4 {[%emt 0:00:29] [#]} Qh4 $1 {[%emt 0:00:38][%csl Ge5,LRg4,LRh2][%cal Rh4h2] Black attacks} 20. f4 Bxc3 21. Qxc3 Bxg4 22. bxc5 {[%emt 0:00:01] Threatens to win with Bf2.} Bxe2 23. Rf2 {[%emt 0:00:01] [#]} Bg4 ({Stronger than} 23... Qg4+ 24. Rg2 Qf3 25. Re1 $16) 24. cxd6 cxd6 25. Bd4 f6 26. Re1 Bf5 27. Qg3 Qxg3+ (27... Qh5 $142 28. Qf3 Bg4) 28. hxg3 Kf7 29. Rfe2 Rfe8 {[%emt 0:00:01] Prevents Re7+.} 30. Rxe8 Rxe8 31. Rxe8 Kxe8 32. Bxf6 {[%emt 0:00:01][%mdl 4096] Endgame KB-KB} Bd3 33. Kf2 Bxc4 34. Ke3 Bxd5 35. Kd4 Bf3 36. Bg5 Kd7 37. Bf6 Ke6 38. Bd8 Kd7 39. Bf6 a5 40. Kd3 Bg4 41. Ke3 Kc6 42. Kd4 Kd7 43. Ke3 $1 Be6 44. Kd3 Kc7 45. Ke3 h5 46. Kd3 Bf5+ 47. Ke3 Be6 48. Kd3 $1 Bd5 49. Ke3 Bc4 50. Ke4 Bb3 51. Ke3 b5 52. Bc3 Kb6 53. Kd4 Be6 54. Bd2 b4 55. axb4 a4 56. Bc1 Kb5 57. Ba3 Bc4 58. Kc3 d5 59. Kd4 Bb3 60. Kc3 Bc4 61. Kd4 Kc6 62. Ke5 Kd7 63. Bb2 Kc7 64. Bc1 Kc6 65. Ba3 $1 Bd3 66. Kd4 Be4 67. Ke5 Kb5 68. Kd4 Kc6 69. Ke5 Kb5 {[%emt 0:00:01] and ...Kc4 would now be decisive} 70. Kd4 Kc6 {[%emt 0:00:00] Whites escaped into a draw.   Weighted Error Value: White=0.09 (flawless) /Black=0.16 (very precise)   Mistake:       	White=2     	Black=2      Inaccurate:     	White=3     	Black=3      OK:         	White=18    	Black=21     Best:        	White=8     	Black=3      Strong:       	White=3     	---} (70... Kb6 $15) 1/2-1/2

[Event "CCT Chessable Masters Playoffs 2025"]
[Site "Online"]
[Date "2025.02.18"]
[Round "51"]
[White "Duda, Jan-Krzysztof"]
[Black "Grischuk, Alexander"]
[Result "1-0"]
[Annotator "TA"]
[ECO "C00"]
[WhiteElo "2739"]
[BlackElo "2687"]
[PlyCount "67"]
[EventDate "2025.02.13"]
[EventType "k.o."]
[EventCountry "NET"]
[SourceTitle "playchess.com"]
[Source "ChessBase"]
[SourceQuality "1"]
[TimeControl "600"]

1. e4 c5 2. Nf3 e6 3. g3 Nc6 4. Bg2 Nf6 5. Qe2 d6 6. O-O Be7 7. c3 e5 {[%emt 0:00:01] C00: French: Unusual White 2nd moves.} 8. Rd1 O-O 9. d4 cxd4 {[%emt 0:00:19] The position is equal.} 10. cxd4 Bg4 {[%emt 0:00:04] Hoping for ...Nxd4.} 11. dxe5 Nxe5 12. Nc3 Qc8 $146 (12... Rc8 13. Bf4 Qa5 14. Rac1 a6 15. Kh1 Rfe8 16. h3 Be6 17. Nd4 Bc4 18. Qe3 Bf8 {0-1 Shuvalova,P (2498)-Hansen,E (2606) Titled Tuesday intern op 12th Jul Late blitz 2022 (10)}) 13. Bf4 Qe6 {[%emt 0:00:11] A sharp opening} 14. Rd2 Rac8 {[%emt 0:00:12] [#]} 15. Nd4 $1 Bxe2 16. Nxe6 fxe6 17. Nxe2 Nfg4 18. Nd4 Nc4 (18... g5 $1 $14 19. Bxe5 dxe5 20. Nxe6 Rxf2 21. Rxf2 Nxf2) 19. Rc2 $16 e5 20. Nf5 Bf6 21. Bc1 g6 22. h3 (22. Bf1 $16 gxf5 23. Rxc4 (23. Bxc4+ Kg7 $18)) 22... gxf5 $14 23. exf5 (23. hxg4 fxg4 24. Bh6 Bg7 $17) 23... Nxf2 24. Rxf2 e4 25. Bxe4 Bd4 {[%emt 0:00:01] [#]} 26. Bh6 $1 $36 {[%emt 0:00:00][%mdl 2048] Black is under pressure.} Rf6 {[%emt 0:00:25] [#]} 27. Bg5 {[%emt 0:00:02] A strong pair of Bishops.} (27. Bd5+ $2 Kh8 28. Be6 Rc5 $19) 27... Kg7 {[%emt 0:00:06] [#]} 28. Rd1 $1 $18 Bxf2+ 29. Kxf2 Re8 $2 (29... Rf7 30. b3 Re8) 30. Bxf6+ Kxf6 31. Bd5 (31. Bxb7 Rb8 $16) (31. Kf3 $18 {is the precise move to win.}) 31... Nxb2 $16 32. Rd2 Na4 33. Bxb7 {[%emt 0:00:13] Strongly threatening Bc6.} Kxf5 $2 (33... Nc3 $16 {is more resistant.} 34. g4 (34. Rxd6+ Kxf5 35. g4+ Kg5 $18) 34... d5) 34. Bc6 {[%emt 0:00:04] Weighted Error Value: White=0.15 (very precise) /Black=0.45  Loses game:     	---       	Black=1      Missed win:     	White=1     	---        Mistake:       	White=1     	Black=3      Inaccurate:     	White=1     	Black=1      OK:         	White=14    	Black=7      Best:        	White=1     	Black=6      Strong:       	White=1     	---} ({Less strong is} 34. Rxd6 Rb8 $18) 1-0

[Event "CCT Chessable Masters Playoffs 2025"]
[Site "Online"]
[Date "2025.02.18"]
[Round "51"]
[White "Giri, Anish"]
[Black "Sevian, Samuel"]
[Result "1/2-1/2"]
[Annotator "TA"]
[ECO "A20"]
[WhiteElo "2728"]
[BlackElo "2692"]
[PlyCount "196"]
[EventDate "2025.02.13"]
[EventType "k.o."]
[EventCountry "NET"]
[SourceTitle "playchess.com"]
[Source "ChessBase"]
[SourceQuality "1"]
[TimeControl "600"]

1. c4 e5 2. g3 c6 3. Nf3 e4 4. Nd4 d5 5. cxd5 Qxd5 6. Nc2 {[%emt 0:00:09] A20: English Opening: 1...e5.} Nf6 7. Nc3 Qe5 8. Bg2 Na6 9. Rb1 h5 10. d4 exd3 11. Qxd3 Nc5 12. Qd4 Bd6 13. O-O $146 ({Predecessor:} 13. b4 Qxd4 14. Nxd4 Be5 15. bxc5 Bxd4 16. Na4 Nd7 17. Ba3 Kd8 18. O-O Kc7 19. Rfd1 {0-1 Priyanka,N (2289)-Kollars,D (2647) Bayern-chI Bank Hofmann 27th 2024 (3)}) 13... Ne6 ({Better is} 13... Bf5 $11 14. e4 Bh7 (14... Nfxe4 $2 {too greedy.} 15. Re1 $18) (14... Bxe4 $2 15. Qxe5+ Bxe5 16. Nxe4 $18) (14... Ncxe4 $2 15. Re1 $18)) 14. Qxe5 $14 Bxe5 15. Rd1 h4 16. Na3 hxg3 17. hxg3 O-O 18. Nc4 Bc7 19. b4 Rd8 20. Rxd8+ Nxd8 21. Bf4 Bxf4 22. gxf4 Be6 23. Ne5 a5 24. b5 cxb5 25. Rxb5 Rc8 26. Nd5 Nxd5 27. Bxd5 Bxd5 28. Rxd5 $11 {[%emt 0:00:01][%mdl 4096] Endgame KRN-KRN} Ne6 29. Rxa5 Nxf4 30. e3 Ne6 31. Kg2 f6 32. Nf3 Rc2 33. Ra8+ Kf7 34. a4 Ra2 35. Rb8 Nc5 36. Nd4 Kg6 37. Kf3 Rxa4 38. Ne2 Kf7 39. Rc8 Ne6 40. Nc3 Ra6 41. Rb8 Nc5 (41... Rb6 $15) 42. Ne4 $1 {[%emt 0:00:03] The position is equal.} b6 43. Nxc5 bxc5 {[%emt 0:00:00] KR-KR. Black is a pawn up.} 44. Rb7+ Kg6 45. Rc7 {[%emt 0:00:00] Prevents Rc6.} Ra5 46. Ke4 $1 Ra2 47. f4 Rc2 48. f5+ Kh6 49. Kf4 Rc1 50. Rc8 Kh7 51. Ke4 Rc3 52. Kf4 Rc4+ 53. e4 Rc3 54. Rc7 Kh6 55. Rc8 Kh7 {[%emt 0:00:07] Prevents Rh8+} 56. Rc7 Rc1 57. Ke3 Kh6 58. Kd2 Rc4 59. Kd3 Ra4 60. Rxc5 Kg5 61. Rc7 Kf4 62. Rxg7 Ra3+ 63. Ke2 Kxe4 64. Rg4+ Kxf5 65. Rc4 Ke5 66. Kf2 Ra2+ 67. Kf3 Ra3+ 68. Kf2 $1 f5 69. Rb4 Kf6 70. Rc4 Kg5 71. Rb4 Rh3 72. Rc4 $1 Rh2+ 73. Kg3 Ra2 74. Kf3 Ra3+ 75. Kf2 Rb3 76. Kg2 Kf6 77. Kf2 Ke5 78. Ra4 Rh3 79. Ra5+ Kf4 80. Ra4+ Kg5 81. Rb4 Rd3 82. Kg2 Kf6 83. Kf2 Ke5 84. Ra4 Rc3 85. Rb4 Rc5 86. Ra4 Rd5 87. Kf3 Rd3+ 88. Kf2 Rd4 89. Rxd4 Kxd4 {[%emt 0:00:01] KP-K. Black is a pawn up.} 90. Kf3 Ke5 91. Ke3 f4+ 92. Kf3 Kf5 93. Kf2 Ke4 94. Ke2 f3+ 95. Kf2 Kf4 96. Kf1 Ke3 {[%emt 0:00:01] [#] ( -> ...f2)} 97. Ke1 f2+ 98. Kf1 Kf3 {[%emt 0:00:00] Weighted Error Value: White=0.05 (flawless) /Black=0.06 (flawless)   Mistake:       	---       	Black=2      Inaccurate:     	White=3     	Black=1      OK:         	White=40    	Black=32     Best:        	White=6     	Black=2      Strong:       	White=4     	---} 1/2-1/2

[Event "CCT Chessable Masters Playoffs 2025"]
[Site "Online"]
[Date "2025.02.18"]
[Round "51"]
[White "Giri, Anish"]
[Black "Sevian, Samuel"]
[Result "1-0"]
[Annotator "TA"]
[ECO "A13"]
[WhiteElo "2728"]
[BlackElo "2692"]
[PlyCount "83"]
[EventDate "2025.02.13"]
[EventType "k.o."]
[EventCountry "NET"]
[SourceTitle "playchess.com"]
[Source "ChessBase"]
[SourceQuality "1"]
[TimeControl "600"]

1. c4 Nf6 2. Nf3 e6 3. g3 d5 4. Bg2 d4 5. d3 c5 6. e4 {[%emt 0:00:04] A13: English Opening: 1...e6.} Nc6 7. e5 Nd7 8. Qe2 {[%emt 0:00:05] The position is equal.} Be7 {[%emt 0:00:01] is now debated instead of 8...Qc7.} 9. h4 h6 10. Bf4 Nf8 11. h5 {[%emt 0:00:06] Prevents Ng6} Nh7 12. Nbd2 Ng5 13. Nh2 Bd7 14. a3 $146 (14. Ng4 Qb6 15. Ne4 Nxe4 16. Bxe4 O-O-O 17. O-O-O Nb4 18. Kb1 Ba4 19. b3 Bc6 20. Bxc6 Nxc6 {1-0 Zuse,P (2320)-Groenegress,W (2215) Bundesliga 8687 1986 [5]}) 14... Qc7 15. Rb1 a5 16. O-O a4 17. Rfe1 Na5 18. g4 Bc6 19. Bg3 Bxg2 20. Kxg2 Qc6+ 21. f3 Rg8 22. Rh1 (22. Kh1 $11) 22... Ra6 (22... f5 {is interesting.} 23. exf6 gxf6 24. Rbe1 Kd7) 23. b4 {[%emt 0:00:18] [#]} axb3 24. Nxb3 Nxb3 25. Rxb3 b6 26. Nf1 Kd7 27. Nd2 Rga8 28. Ra1 Bd8 29. Kh2 Bc7 30. f4 Nh7 31. Ne4 Rf8 $2 (31... f6 $11 {and Black is okay.}) 32. g5 $36 {[%emt 0:00:29][%mdl 2048] White is on the roll.} Rh8 {[%emt 0:01:10] [#]} (32... hxg5 {is a better defense.} 33. fxg5 f5 34. exf6 gxf6) 33. Qg4 $1 {[%emt 0:00:48] Threatens to win with gxh6.} Kc8 (33... Qa8 $142 34. Kg1 Qe8) 34. gxh6 gxh6 35. Rab1 Ra8 $2 (35... Qd7 36. Bh4 f5 37. exf6 Rf8) 36. Qg7 Kb7 37. a4 Rag8 38. Qxf7 {[%emt 0:00:02] White threatens Rxb6+ and mate.} (38. Qxh6 Ka8 (38... Ng5 39. fxg5 Rxh6 40. gxh6 $16) 39. a5 bxa5 $16 (39... Ng5 $2 40. axb6 Nf3+ 41. Kh3 $18)) 38... Rf8 39. Rxb6+ Qxb6 40. Rxb6+ {[%emt 0:00:01] White mates.} Kxb6 41. Qxe6+ Ka5 42. Qc6 {[%emt 0:00:02] Weighted Error Value: White=0.06 (flawless) /Black=0.67  Loses game:     	---       	Black=1      Mistake:       	White=1     	Black=3      Inaccurate:     	White=2     	Black=3      OK:         	White=10    	Black=7      Best:        	White=3     	Black=2} (42. Be1+ $142 Kxa4 43. Qa6+ (43. Qxh6 Nf6 $18) 43... Kb3 44. Qa1 (44. Qxh6 Nf6 $16) 44... Rb8 45. Bd2 (45. Nxc5+ Kc2 $18) 45... Kc2 46. Qc1+ Kxd3 47. Nxc5+ Ke2 48. Qe1+ Kf3 49. Qf1+ Kg4 50. Qh3#) 1-0

[Event "CCT Chessable Masters Playoffs 2025"]
[Site "Online"]
[Date "2025.02.18"]
[Round "51"]
[White "Esipenko, Andrey"]
[Black "So, Wesley"]
[Result "1-0"]
[Annotator "TA"]
[ECO "D35"]
[WhiteElo "2695"]
[BlackElo "2747"]
[PlyCount "89"]
[EventDate "2025.02.13"]
[EventType "k.o."]
[EventCountry "NET"]
[SourceTitle "playchess.com"]
[Source "ChessBase"]
[SourceQuality "1"]
[TimeControl "600"]

1. d4 Nf6 2. c4 e6 3. Nc3 d5 4. cxd5 exd5 5. Bg5 c6 6. e3 Bf5 7. Qf3 Bg6 8. Bxf6 Qxf6 9. Qxf6 gxf6 10. h4 h5 {[%emt 0:00:01] D35: Queen's Gambit Declined: Exchange Variation.} 11. Nge2 Nd7 12. f3 $5 {[%emt 0:00:04][%mdl 4] Leaves trodden paths.} Nb6 $146 {[%emt 0:00:08] The position is equal.} ({Predecessor:} 12... O-O-O 13. Kf2 Bd3 14. Nf4 Bxf1 15. Raxf1 Bd6 16. g4 Bxf4 17. exf4 Nb6 18. b3 Kd7 {1-0 Ruan,Z (1875)-Zhang,D (1618) Binhai Cup-B 4th 2024 (7)}) 13. Nf4 Bd6 14. Kf2 a5 15. g4 Ke7 16. Nce2 (16. gxh5 $14 Bh7 (16... Bxh5 17. Nce2 $17) 17. Bh3) 16... Rag8 (16... hxg4 $11 17. Nxg6+ fxg6 18. fxg4 Nc4) 17. gxh5 $1 $14 Bf5 18. Ng3 {[%emt 0:00:31] Excellent horsemanship.} Be6 19. Bd3 Nc4 20. Bxc4 Bxf4 (20... dxc4 $11 {remains equal.} 21. Nge2 Bf5) 21. exf4 $16 dxc4 22. f5 $36 {[%emt 0:00:09][%mdl 2048] White is more active.} Bd5 23. Rhe1+ Kd6 24. Re3 Re8 25. Rxe8 Rxe8 $14 {[%emt 0:00:00][%mdl 4096] Endgame KRB-KRN. White is a pawn up.} 26. a4 Rh8 27. Ke3 Ra8 28. Ne4+ Ke7 29. Kf4 Rh8 30. Ng3 (30. Re1 Bxe4 31. Kg4 (31. Kxe4 Rxh5 32. Rh1 Kd6 $17) (31. Rxe4+ Kd7 $11) 31... Rg8+ 32. Kh3 Rd8 $16) 30... Kf8 31. Re1 b5 {[%emt 0:00:08] [#]} 32. Ra1 (32. axb5 $6 cxb5 33. Ne2 b4 $11 (33... Rxh5 34. Kg4 $14)) (32. Ne4 $142 $1 ) 32... b4 $16 33. Rc1 Kg7 34. Ne4 Rxh5 (34... Rh6 $16 {keeps fighting.}) 35. Rg1+ $18 Kf8 36. Nxf6 Rh8 {[%emt 0:00:11] Dodges Rg8+} (36... Rxh4+ 37. Ke5 Rh8) 37. Ke5 Bxf3 38. Kd6 c3 ({Worse is} 38... Rxh4 39. Rg8#) 39. bxc3 bxc3 (39... b3 $142 40. h5 Bxh5 (40... Rh6 41. Rg8#) 41. Nd7+ (41. Kxc6 $2 {loses.} Rh6 $19) 41... Ke8) 40. Nd7+ {[%emt 0:00:07] White is clearly winning.} Ke8 41. Re1+ Be4 42. Nf6+ (42. Rxe4+ $142 Kd8 43. Re3 (43. Kxc6 c2 $18) (43. Ne5 Rh6+ 44. Kc5 Kc7 $18)) 42... Kd8 43. Nxe4 {[%emt 0:00:04] [#] Hoping for Rb1.} Rxh4 44. Kxc6 {[%emt 0:00:19][%cal Oe4d6] White threatens Nd6! and mate.} c2 45. Nd6 {[%emt 0:00:08] Weighted Error Value: White=0.22 (precise) /Black=0.72  Mistake:       	White=2     	Black=5      Inaccurate:     	White=1     	Black=4      OK:         	White=13    	Black=7      Best:        	White=1     	Black=4      Strong:       	White=1     	---} 1-0

[Event "CCT Chessable Masters Playoffs 2025"]
[Site "Online"]
[Date "2025.02.18"]
[Round "51"]
[White "Sevian, Samuel"]
[Black "Giri, Anish"]
[Result "1/2-1/2"]
[Annotator "TA"]
[ECO "C55"]
[WhiteElo "2692"]
[BlackElo "2728"]
[PlyCount "61"]
[EventDate "2025.02.13"]
[EventType "k.o."]
[EventCountry "NET"]
[SourceTitle "playchess.com"]
[Source "ChessBase"]
[SourceQuality "1"]
[TimeControl "600"]

1. e4 e5 2. Nf3 Nc6 3. Bc4 Nf6 4. d3 Be7 5. O-O O-O 6. Nc3 d6 7. a4 {[%emt 0:00:01] 7.a3 is a critical line. C55: Two Knights: 4 d3, 4 d4 exd4 5 e5 and Max Lange Attack.} Bg4 8. h3 Bh5 9. Nd5 Nxd5 10. Bxd5 Nb4 11. Bb3 Na6 $146 (11... a5 12. c3 Na6 13. Be3 c6 14. g4 Bg6 15. Nd2 Nc7 16. f4 exf4 17. Bxf4 d5 {0-1 Faizrakhmanov,R (2454)-Grischuk,A (2732) Moscow Aeroflot op-A 2024 (2)}) 12. Be3 Nc5 13. Bxc5 {[%emt 0:00:06] [#] And now Be3 would win.} Bxf3 $1 14. Qxf3 dxc5 {[%emt 0:00:00] Black is weak on the light squares} 15. g3 g6 16. Kg2 Kg7 17. Qe2 Qd6 18. Bc4 Rae8 {[%emt 0:00:16] The position is equal.} 19. a5 c6 20. Ra4 Bd8 21. Qe3 Bc7 22. Rb1 Ra8 23. Rba1 h5 24. h4 Qe7 25. c3 Bd6 26. Bb3 Rad8 27. Qe2 Rd7 28. Bc4 Rdd8 29. Bb3 Rd7 30. Bc4 Rdd8 31. Bb3 {[%emt 0:00:13] Weighted Error Value: White=0.02 (flawless) /Black=0.02 (flawless)   Inaccurate:     	White=1     	Black=1      OK:         	White=7     	Black=13     Strong:       	---       	Black=1} 1/2-1/2